 Dungeon Crawl Stone Soup version 0.20.1-2-g1830e616b0 (webtiles) character file.

336 Alfie the Shooter (level 6, -8/46 HPs)
             Began as a Human Hunter on Feb 4, 2020.
             Mangled by Menkaure (14 damage)
             ... on level 3 of the Dungeon.
             The game lasted 00:07:24 (2129 turns).

Alfie the Shooter (Human Hunter)                    Turns: 2129, Time: 00:07:24

Health: -8/46      AC:  3    Str: 15    XL:     6   Next: 84%
Magic:  6/6        EV: 12    Int: 11    God:
Gold:   194        SH:  0    Dex: 13    Spells: 5/5 levels left

rFire    . . .     SeeInvis .   q - +2 short sword (venom)
rCold    . . .     Gourm    .   (no shield)
rNeg     . . .     Faith    .   c - +0 leather armour
rPois    .         Spirit   .   (no helmet)
rElec    .         Reflect  .   (no cloak)
rCorr    .         Harm     .   (no gloves)
MR       .....                  (no boots)
Stlth    ++........             (no amulet)
Regen    0.2/turn               g - ring of stealth
MPRegen  0.1/turn               o - +6 ring of slaying

@: no status effects
A: no striking features
a: no special abilities


You were on level 3 of the Dungeon.
You were not hungry.

You visited 1 branch of the dungeon, and saw 4 of its levels.

You collected 194 gold pieces.

Inventory:

Hand Weapons
 a - a +1 shortbow
 b - a +1 short sword
 q - a +2 short sword of venom (weapon)
Missiles
 d - 21 arrows
 p - 4 tomahawks (quivered)
 u - 12 poisoned needles
Armour
 c - a +0 leather armour (worn)
Jewellery
 g - a ring of stealth (left hand)
 o - a +6 ring of slaying (right hand)
Wands
 s - a wand of acid (9/15)
Scrolls
 h - 7 scrolls of identify
 n - a scroll of magic mapping
Potions
 e - 2 potions of degeneration
 j - a potion of ambrosia {unknown}
 k - a potion of haste {unknown}
 m - a potion of heal wounds {unknown}
 r - a potion of berserk rage {unknown}
Comestibles
 f - a bread ration
 l - a meat ration
 t - a royal jelly


   Skills:
 + Level 2.9 Fighting
 + Level 0.2 Short Blades
 + Level 6.6 Bows
 + Level 2.2 Armour
 + Level 2.3 Dodging
 + Level 1.2 Stealth


You had 5 spell levels left.
You didn't know any spells.

Dungeon Overview and Level Annotations

Branches:
Dungeon (4/15)
 Temple: D:4-7

Altars:
Ashenzari
Elyvilon
Trog

Annotations:
D:3 Menkaure


Message History

Menkaure closely misses you.
There is a stone staircase leading up here.
You see here 2 stones.
Menkaure blazes with dark energy!
Menkaure mumbles some strange words.
Menkaure seems to speed up.
You climb upwards.
There is a stone staircase leading down, spattered with blood here.
Items here: ( ))))) [[ †††† You puncture Menkaure!
Menkaure is moderately damaged.
Menkaure misses you. Menkaure hits you!
You feel better. Menkaure hits you!!
Ouch! That really hurt!
* * * LOW HITPOINT WARNING * * *
You hit Menkaure.
Menkaure is heavily damaged.
Menkaure completely misses you.
It was a potion of cancellation.
You feel magically purged. Menkaure hits you!
You die...

.##### #..#####.# #.#######.
.######## #..# #.#####.........
........###†.# #.......#.###.##
.##+#.......##
###########.###.#
.#...#.......#
#..............<#
.#...#....#..#
#.#########.#####
#....####....###.#########.#
.#.+##.⌠#....#.M.........#.#
........#....#.#@#######.#.####
.......#.###.#.#)# #.#....#
.......#...#.#.#(# #.####.#
..._...+.....#.#.# #.# #†#
.......#...#.#.#.##### #.# #.#
.......###.#.#.#.....# #.# #†#
........#....#.#####.# #.# #.#
.#.+##.⌠...#.#.......###.# #.#
##...####.##.............# #.#


You could see Menkaure.

Vanquished Creatures
  The ghost of Alfie the Shooter, an amateur HuHu (D:3)
  An ogre (D:3)
  Natasha (D:3)
  Robin (D:3)
  An adder (D:3)
  A gnoll (D:1)
  2 oozes
  2 worms (D:2)
  A dart slug (D:2)
  3 orcs (D:3)
  3 giant cockroaches (D:1)
  10 goblins
  4 hobgoblins
  7 jackals (D:3)
  6 kobolds
  A quokka (D:3)
  A ball python (D:2)
  8 bats
  A frilled lizard (D:1)
  5 rats
60 creatures vanquished.

Notes
Turn   | Place    | Note
-------+----------+-------------------------------------------
     0 | D:1      | Alfie the Human Hunter began the quest for the Orb.
     0 | D:1      | Reached XP level 1. HP: 16/16 MP: 1/1
   107 | D:1      | Reached XP level 2. HP: 22/22 MP: 2/2
   348 | D:1      | Reached XP level 3. HP: 27/27 MP: 3/3
   839 | D:2      | Reached skill level 5 in Bows
   992 | D:2      | Reached XP level 4. HP: 33/33 MP: 4/4
  1183 | D:2      | Found a bloodstained altar of Trog.
  1500 | D:3      | Found a shattered altar of Ashenzari.
  1592 | D:3      | Found a white marble altar of Elyvilon.
  1622 | D:3      | Noticed Alfie's ghost (amateur HuHu)
  1633 | D:3      | HP: 1/33 [Alfie's ghost (6)]
  1635 | D:3      | Killed Alfie's ghost
  1635 | D:3      | Reached skill level 6 in Bows
  1635 | D:3      | Reached skill level 1 in Armour
  1635 | D:3      | Reached XP level 5. HP: 11/39 MP: 5/5
  1635 | D:3      | Reached XP level 6. HP: 13/46 MP: 6/6
  1772 | D:3      | Noticed an ogre
  1776 | D:3      | Killed an ogre
  2016 | D:3      | Noticed Natasha
  2020 | D:3      | Killed Natasha
  2068 | D:4      | Noticed Menkaure
  2080 | D:4      | Noticed Robin
  2115 | D:3      | Killed Robin
  2129 | D:3      | Mangled by Menkaure

Skill      XL: |  1  2  3  4  5  6 |
---------------+-------------------+-----
Bows           | 5 6 |  6.6
Armour         | 1 2 |  2.2
Fighting       | |  2.9
Short Blades   | |  0.2
Dodging        | |  2.3
Stealth        | |  1.2

Action                   |  1- 3 |  4- 6 || total
-------------------------+-------+-------++-------
Melee: Short sword       |       |    27 ||    27
 Fire: Shortbow          |    67 |    40 ||   107
Throw: Tomahawk          |       |     6 ||     6
  Use: Scroll            |       |     9 ||     9
       Potion            |       |     4 ||     4
  Eat: Royal jelly       |       |     1 ||     1
       Bread ration      |       |     1 ||     1
Armor: Leather armour    |     8 |     6 ||    14
Dodge: Dodged            |    13 |    33 ||    46
